 Dungeon Sprint DCSS version 0.22.1-2-g9c5b331 (webtiles) character file.

898 Barsley the Grappler (level 7, 0/77 (81) HPs)
             Began as a Troll Monk on Nov 14, 2018.
             Was an Elder of Jiyva.
             Slain by a hornet (16 damage)
             ... in the Dungeon (Sprint II: "The Violet Keep of Menkaure").
             The game lasted 00:04:18 (332 turns).

Barsley the Grappler (Troll Monk)                    Turns: 332, Time: 00:04:18

HP:   0/77 (81)     AC:  8    Str: 22    XL:     7   Next: 79%
MP:   6/6           EV: 14    Int:  6    God:    Jiyva [****..]
Gold: 445           SH:  0    Dex: 12    Spells: 6/6 levels left

rFire    + . .     SeeInvis .     - Unarmed
rCold    . . .     Gourm    +   (no shield)
rNeg     . . .     Faith    .   a - +0 robe
rPois    .         Spirit   .   (helmet restricted)
rElec    .         Reflect  .   k - +2 cloak {+Inv}
rCorr    +         Harm     .   (gloves unavailable)
MR       .....     NoTele   +   (boots unavailable)
Stlth    ++........             (no amulet)
HPRegen  0.62/turn              j - ring of protection from fire
MPRegen  0.10/turn              (no ring)

@: lethally poisoned (0 -> -1), very slow
A: large, unfitting armour, claws 3, fast metabolism 3, gourmand, regeneration
1, shaggy fur 1, tough skin 2, translucent skin 1
a: Request Jelly, Slimify, Renounce Religion, Evoke Invisibility


You were in the Dungeon.
You worshipped Jiyva.
Jiyva was greatly pleased with you.
You were full.

You visited 1 branch You collected 972 gold pieces.
You spent 527 gold pieces at shops.

Inventory:

Armour
 a - a +0 robe (worn)
 k - a +2 cloak of invisibility (worn)
Jewellery
 j - a ring of protection from fire (left claw)
Scrolls
 h - a scroll of blinking
Potions
 c - 3 potions of curing
 d - 2 potions of heal wounds
 e - a potion of haste
 f - 2 potions of magic
 g - a potion of berserk rage
Comestibles
 b - 2 rations
 i - 7 chunks of flesh


   Skills:
 + Level 8.3 Fighting
 + Level 8.1 Dodging
 + Level 2.4 Stealth
 + Level 10.8 Unarmed Combat


You had 6 spell levels left.
You didn't know any spells.
Your spell library was empty.

Dungeon Overview and Level Annotations

Branches:
Dungeon (1/1)

Altars:
Cheibriados
Dithmenos
Elyvilon
Fedhas
Gozag
Hepliaklqana
Kikubaaqudgha
Makhleb
Nemelex Xobeh
Okawaru
Qazlal
Ru
Sif Muna
Trog
Uskayaw
Vehumet
Wu Jian
Xom
Yredelemnul
Zin
The Shining One
Beogh
Jiyva
Lugonu

Shops:
D ?[:*:%[}!==!(![[

Annotations:
D exclusion: oklob plant, Roxanne


Innate Abilities, Weirdness & Mutations

You are too large for most types of armour.
You have claws for hands.
Your metabolism is lightning-fast.
You like to eat raw meat.
Your natural rate of healing is unusually fast.
You are covered in fur. (AC +1)
You have very tough skin. (AC +2)
Your translucent skin slightly reduces your foes' accuracy. (Stealth)


Message History

You feel yourself speed up.
You feel sick. The hornet closely misses you. The polar bear barely misses you.
The polar bear claws you.
* * * LOW HITPOINT WARNING * * *
The polar bear barely misses you. The hornet misses you.
You feel sick. The polar bear closely misses you. x2
The polar bear claws you.
* * * LOW HITPOINT WARNING * * *
There is an open door here.
You enter the shallow water.
Moving in this stuff is going to be slow.
You feel sick. The hornet completely misses you.
You hear a distant slurping noise.
Jiyva alters your body.
You feel as though nothing has changed.
You can now turn your foes to slime.
Jiyva alters your body.
Your skin becomes partially translucent.
Jiyva appreciates your sacrifice.
You feel a little less hungry. The hornet stings you!
You die... #'##..# ...##.#### +.### .#).#....# ...# ...####..## #..# $# #'###.##..# +..# .# )(((

#.##...#..# #..# .#▓$$($$
.<.'##.'..####..##.#▓???(!(
#.##...#....###...##▓▓▓▓▓▓▓
#'###.##...§..≈≈@≈≈≈≈≈≈≈≈≈≈
#††####≈≈..§..≈#y########+#
##..#≈≈≈≈≈≈§..≈#hh._J_._#≈§
.#.##≈≈≈≈≈§§§.≈#ch_._._.#≈≈§
#'##≈≈≈§≈≈§≈≈§≈#._._._._#§§§
≈≈≈≈≈≈≈§§≈§≈§≈≈#_._._._.#§§§
+#+++#≈≈≈§≈≈§≈≈#._._._..#§§≈
≈§≈≈ ##≈§§###≈≈#_._._...#tt§
§≈≈≈§§ #≈≈#._._....#§§≈


You could see 3 polar bears, a yaktaur, a hornet and a neutral jelly (fellow
slime).

Vanquished Creatures
  A merfolk siren (D)
  4 necrophages (D)
  2 crocodiles (D)
  4 worker ants (D)
  2 worms (D)
13 creatures vanquished.

Vanquished Creatures (others)
  Menkaure (D)
1 creature vanquished.

Grand Total: 14 creatures vanquished

Notes
Turn   | Place    | Note
-------+----------+-------------------------------------------
     0 | D        | Barsley the Troll Monk began the quest for the Orb.
     0 | D        | Reached XP level 1. HP: 22/22 MP: 0/0
     1 | D        | Noticed a necrophage
     1 | D        | Noticed a necrophage
     1 | D        | Noticed a necrophage
     1 | D        | Noticed a necrophage
     8 | D        | Killed a necrophage
     8 | D        | Reached skill level 5 in Unarmed Combat
     8 | D        | Reached XP level 2. HP: 23/32 MP: 1/1
     8 | D        | Reached XP level 3. HP: 29/39 MP: 2/2
     8 | D        | Reached XP level 4. HP: 35/48 MP: 3/3
    12 | D        | Killed a necrophage
    12 | D        | Reached skill level 5 in Fighting
    12 | D        | Reached skill level 5 in Dodging
    12 | D        | Reached skill level 6 in Unarmed Combat
    12 | D        | Reached XP level 5. HP: 33/55 MP: 4/4
    14 | D        | Killed a necrophage
    14 | D        | Reached skill level 7 in Unarmed Combat
    17 | D        | Killed a necrophage
    17 | D        | Reached skill level 8 in Unarmed Combat
    17 | D        | Reached XP level 6. HP: 32/64 MP: 5/5
    83 | D        | Killed Menkaure
   155 | D        | Noticed a merfolk siren
   163 | D        | Killed a merfolk siren
   163 | D        | Reached skill level 10 in Unarmed Combat
   163 | D        | Reached XP level 7. HP: 67/75 MP: 6/6
   203 | D        | Found Gifoch's Antique Armour Shop.
   204 | D        | Found Urucsaep's Distillery.
   204 | D        | Found Detim's Antique Armour Boutique.
   205 | D        | Found Jouqudic's Distillery.
   205 | D        | Found Fifuuc's Antique Weapon Shop.
   206 | D        | Found Siveuq's Jewellery Boutique.
   206 | D        | Found Yddeiw's Jewellery Boutique.
   207 | D        | Found Taessino's Gadget Shop.
   207 | D        | Found Nedubufo's Distillery.
   208 | D        | Found Kofuhumu's Antique Armour Shop.
   208 | D        | Found Mihixt's Food Boutique.
   208 | D        | Noticed a shining eye
   211 | D        | Found Joihonul's Book Shop.
   211 | D        | Found Xeuti's General Store.
   211 | D        | Noticed a shining eye
   211 | D        | Noticed a shining eye
   211 | D        | Noticed an oklob plant
   212 | D        | Found Guxeirph's Antique Armour Shop.
   212 | D        | Found Joxky's Magic Scroll Boutique.
   212 | D        | Found Keihy's Book Shoppe.
   215 | D        | Bought an uncursed ring of protection from fire for 275
                  | gold pieces
   219 | D        | Noticed a hippogriff
   227 | D        | Noticed a hippogriff
   228 | D        | Noticed a hippogriff
   230 | D        | Noticed a death yak
   234 | D        | Bought an embroidered cloak for 120 gold pieces
   258 | D        | Bought a potion of curing for 36 gold pieces
   258 | D        | Bought a potion of heal wounds for 60 gold pieces
   258 | D        | Bought a potion of curing for 36 gold pieces
   281 | D        | Noticed Roxanne
   304 | D        | Found a glowing golden altar of the Shining One.
   304 | D        | Found an ornate altar of the Wu Jian Council.
   305 | D        | Found a shimmering altar of Xom.
   305 | D        | Found a sacrificial altar of Ru.
   306 | D        | Found a basalt altar of Yredelemnul.
   306 | D        | Found a deep blue altar of Sif Muna.
   307 | D        | Found a glowing silver altar of Zin.
   307 | D        | Found a bloodstained altar of Trog.
   307 | D        | Found an ancient bone altar of Kikubaaqudgha.
   307 | D        | Found a stormy altar of Qazlal.
   307 | D        | Found a viscous altar of Jiyva.
   308 | D        | Found a hide-covered altar of Uskayaw.
   308 | D        | Found a corrupted altar of Lugonu.
   308 | D        | Found a shadowy altar of Dithmenos.
   309 | D        | Found a radiant altar of Vehumet.
   309 | D        | Found a burning altar of Makhleb.
   309 | D        | Found a white marble altar of Elyvilon.
   310 | D        | Found a sparkling altar of Nemelex Xobeh.
   310 | D        | Found a blossoming altar of Fedhas.
   312 | D        | Found an iron altar of Okawaru.
   312 | D        | Found an opulent altar of Gozag.
   312 | D        | Found a hazy altar of Hepliaklqana.
   312 | D        | Found a snail-covered altar of Cheibriados.
   312 | D        | Noticed a hornet
   312 | D        | Noticed a polar bear
   313 | D        | Found a roughly hewn altar of Beogh.
   313 | D        | Noticed a yaktaur
   314 | D        | Noticed a polar bear
   315 | D        | Noticed a polar bear
   321 | D        | Became a worshipper of Jiyva Jassauv the Shapeless
   321 | D        | Reached * piety under Jiyva
   321 | D        | Reached ** piety under Jiyva
   321 | D        | Reached *** piety under Jiyva
   332 | D        | Reached **** piety under Jiyva
   332 | D        | Gained mutation: Your translucent skin slightly reduces
                  | your foes' accuracy. (Stealth) [Jiyva's grace]
   332 | D        | Slain by a hornet

Skill      XL: |  1  2  3  4  5  6  7 |
---------------+----------------------+-----
Fighting       | 4 5 6 7 8 |  8.3
Dodging        | 4 5 6 7 8 |  8.1
Unarmed Combat | 5 6 8 10 | 10.8
Stealth        | 2 |  2.4

Action                   |  1- 3 |  4- 6 |  7- 9 || total
-------------------------+-------+-------+-------++-------
Melee: Unarmed           |     5 |    15 |    22 ||    42
       Punch             |     1 |       |       ||     1
Armor: Robe              |     1 |     2 |     5 ||     8
Dodge: Dodged            |       |       |    26 ||    26
